Map: Ruinas de Endión

Players

xXkazperXx

  • Race: Zerg Zerg
  • League: Bronze

RANURA DE IA (Difícil) - Winner!

  • Race: Zerg Zerg

VOD

Have the link to the VOD?

Description

Time

  • Played on: April 4, 2016, 12:40 a.m.
  • Length: 7:35
Show
View Real Time Build Order
Export as new Build Order

xXkazperXx Zerg 

Build Orders: Pool First 

Get SALT Encoding   

  12  0:01  Drone  
  13  0:13  Overlord  
  13  0:19  Drone  
  14  0:29  Extractor  
  13  0:36  Spawning Pool  
  13  0:41  Drone  
  13  0:45  Drone  
  14  0:56  Drone x2  
  16  1:24  Queen  
  16  1:25  Zergling x6  
  21  1:50  Zergling x2  
  21  1:53  Hatchery  
  21  2:04  Metabolic Boost  
  21  2:08  Drone  
  22  2:13  Overlord  
  22  2:28  Lair  
  22  2:31  Drone  
  23  2:56  Drone x4  
  23  2:57  Drone  
  28  3:05  Queen  
  28  3:12  Extractor  
  29  3:15  Drone  
  30  3:34  Zergling x6  
  33  3:45  Drone x3  
  36  3:53  Hydralisk Den  
  35  4:12  Hatchery  
  35  4:15  Burrow  
  35  4:16  Pneumatized Carapace  
  34  4:38  Drone x2  
  36  4:40  Overlord  
  36  4:42  Overlord x2  
  36  5:13  Zergling x10  
  41  5:15  Zergling x10  
  41  5:16  Zergling x2  
  47  5:23  Drone  
  47  5:26  Drone  
  47  5:27  Drone  
  50  5:31  Extractor  
  50  5:34  Extractor  
  48  5:51  Evolution Chamber, Drone  
  48  5:52  Drone x3  
  48  5:53  Drone x4  
  48  5:57  Drone x3  
  58  6:18  Drone x2  
  58  6:20  Drone x5  
  58  6:24  Zergling x2  
  66  6:26  Overlord  
  48  7:06  Hydralisk x3  
  48  7:07  Hydralisk  
  55  7:08  Hydralisk x3  
Show
View Real Time Build Order
Export as new Build Order

RANURA DE IA (Difícil) Zerg - Winner!

Build Orders: Pool First 

Get SALT Encoding   

  12  0:01  Drone  
  13  0:12  Overlord  
  13  0:17  Drone  
  14  0:30  Drone  
  14  0:32  Drone  
  16  0:43  Spawning Pool  
  16  0:45  Drone  
  16  0:49  Drone  
  17  0:52  Extractor  
  17  0:55  Drone  
  17  1:06  Overlord  
  17  1:29  Queen  
  17  1:31  Zergling x2  
  20  1:37  Roach Warren  
  20  1:38  Drone  
  20  1:42  Extractor  
  20  1:44  Zergling x2  
  20  1:49  Drone  
  21  2:00  Drone  
  22  2:10  Lair  
  22  2:18  Roach  
  22  2:21  Drone  
  25  2:33  Drone  
  26  2:39  Overlord  
  26  2:46  Roach  
  28  2:58  Roach  
  28  2:59  Overlord  
  30  3:11  Hydralisk Den  
  30  3:12  Roach  
  31  3:16  Drone  
  32  3:24  Roach  
  34  3:35  Overlord  
  34  3:37  Roach  
  36  3:49  Hydralisk  
  36  3:53  Drone  
  39  3:58  Drone  
  39  4:02  Hydralisk, Drone  
  43  4:11  Drone  
  43  4:15  Hydralisk  
  43  4:16  Overlord  
  45  4:26  Drone  
  45  4:28  Baneling Nest  
  45  4:29  Zergling x2  
  46  4:36  Evolution Chamber  
  46  4:37  Drone  
  46  4:43  Hydralisk, Drone  
  46  4:45  Drone  
  50  6:28  Overlord, Zergling x2  
  50  6:29  Spire  
  50  6:32  Evolution Chamber  
  49  6:33  Drone  
  49  6:34  Baneling  
  49  6:36  Hatchery  
  49  6:37  Drone  
  51  6:40  Zergling x2  
  51  6:45  Zergling x2  
  52  6:51  Zergling x2  
  53  6:57  Baneling, Zergling x2  
  54  7:13  Spore Crawler  
  53  7:20  Spore Crawler  
Tags
 
Add a new tag
Caveats
  • Supply blocks, unpowered buildings, or Contaminate may cause inaccurate times.
  • Supply counts are checked every 10 seconds.